 Dungeon Crawl Stone Soup version 0.30.1-3-gfc49f6343a (webtiles) character file.

Game seed: 16873399088363926641

2349 Kranky the Trooper (level 9, -1/70 HPs)
             Began as a Demonspawn Gladiator on July 20, 2023.
             Slain by a hornet (3 damage)
             ... while paralysed by a hornet
             ... on level 7 of the Dungeon.
             The game lasted 00:13:15 (5885 turns).

Kranky the Trooper (Demonspawn Gladiator)           Turns: 5885, Time: 00:13:16

Health: -1/70      AC: 19    Str: 14    XL:     9   Next: 20%
Magic:  18/18      EV:  2    Int: 12    God:
Gold:   353        SH:  0    Dex: 14    Spells: 8/8 levels left

rFire   + . .        a - +0 trident
rCold   . . .        I - +0 buckler
rNeg    + + .        t - +6 chain mail of the Known World {rF+ rN+ MP+9 Str-3}
rPois   .            c - +0 helmet
rElec   .            C - +0 cloak
rCorr   .            s - +0 pair of gloves
SInv    .            (no boots)
Will    .....        r - amulet of regeneration Stlth
                     n - ring of positive energy
HPRegen 1.11/turn    (no ring)
MPRegen 0.16/turn

%: no passive effects
@: paralysed, lethally poisoned (-1 -> -5), slowed
A: foul stench 1, condensation shield, demonic touch 2
a: no special abilities


You were on level 7 of the Dungeon.
You visited 1 branch of the dungeon, and saw 7 of its levels.
You also visited: Sewer.

You collected 353 gold pieces.

Inventory:

Hand Weapons
 a - a +0 trident (weapon)
 w - a +0 scythe
Missiles
 d - 6 throwing nets (quivered)
 e - a javelin
 q - 14 poisoned darts
Armour
 b - a +0 leather armour
 c - a +0 helmet (worn)
 s - a +0 pair of gloves (worn)
 t - the +6 chain mail of the Known World (worn) {rF+ rN+ MP+9 Str-3}
   (You found it on level 2 of the Dungeon)

   Str:       It affects your strength (-3).
   rF:        It protects you from fire.
   rN:        It protects you from negative energy.
   MP:        It affects your magic capacity (+9).
 C - a +0 cloak (worn)
 I - a +0 buckler (worn)
Jewellery
 k - a ring of wizardry
 n - a ring of positive energy (left hand)
 r - an amulet of regeneration (around neck)
Scrolls
 f - a scroll of vulnerability
 g - 2 scrolls of blinking
 i - a scroll of silence {unknown}
 j - a scroll of enchant armour {unknown}
 p - 5 scrolls of teleportation
 y - a scroll of amnesia
 A - a scroll of fear
 B - 2 scrolls of poison
 E - 5 scrolls of immolation
 F - a scroll of torment {unknown}
 J - a scroll of enchant weapon {unknown}
Potions
 h - 2 potions of mutation
 l - a potion of cancellation
 m - a potion of curing
 o - a potion of ambrosia
 v - a potion of attraction
 x - a potion of degeneration
 z - 2 potions of haste
 D - a potion of berserk rage
 G - a potion of flight
 H - a potion of resistance


   Skills:
 + Level 6.3 Fighting
 + Level 6.1 Polearms
 - Level 1.7 Throwing
 + Level 5.3 Armour
 + Level 6.1 Dodging
 + Level 2.1 Shields


You had 8 spell levels left.
You didn't know any spells.
Your spell library contained the following spells:

 Spells                   Type           Power      Damage    Failure   Level
 Magic Dart               Conj           0%         1d3       99%         1
 Shock                    Conj/Air       0%         1d3       99%         1
 Call Imp                 Summ           0%         N/A       100%        2
 Dazzling Flash           Conj/Hex       0%         N/A       100%        3
 Mephitic Cloud           Conj/Pois/Air  0%         N/A       100%        3
 Ozocubu's Armour         Ice            0%         N/A       100%        3
 Swiftness                Air            0%         N/A       100%        3
 Airstrike                Air            0%         2d(0-16)  100%        4
 Agony                    Necr           0%         N/A       100%        5
 Silence                  Hex/Air        0%         N/A       100%        5
 Ozocubu's Refrigeration  Ice            0%         4d7       100%        7


Dungeon Overview and Level Annotations

Branches:
Dungeon (7/15)              Sewer (visited)
 Temple: D:4-7

Altars:
Fedhas
Wu Jian
Xom
Yredelemnul

Shops:
D:4 [

Annotations:
D:7 Maggie


Innate Abilities, Weirdness & Mutations

You may rarely emit foul miasma when damaged in melee.
A meltable shield of frost defends you. (SH +4)
Your touch may inflict irresistible damage on your foes.


Message History

The centaur unwields a +0 shortbow.
You block the centaur's attack. x2
The hornet attacks as you move away!
The hornet stings you but does no damage.
You feel yourself speed up. The hornet stings you!
You feel yourself slow down. The ice beast closely misses you.
The centaur hits you but does no damage.
The centaur kicks you. The hornet attacks as you move away!
The hornet stings you but does no damage.
Maggie gestures wildly while chanting.
Maggie attempts to bespell you!
You easily resist.
The hornet stings you.
You feel as though you will be slow longer.
You block the centaur's attack.
The centaur kicks you but does no damage.
The hornet attacks as you move away! The hornet stings you.
You are poisoned.
You suddenly lose the ability to move!
You feel very sick.
The hornet stings you but does no damage.
The centaur hits you but does no damage.
The centaur kicks you but does no damage.
The ice beast hits you. The ice beast freezes you! The hornet stings you!
* * * LOW HITPOINT WARNING * * *
You are more poisoned.
You shrug off the repeated paralysis!
You feel very sick.
The centaur hits you but does no damage.
The centaur kicks you but does no damage.
The hornet stings you.
* * * LOW HITPOINT WARNING * * *
You shrug off the repeated paralysis!
The ice beast hits you but does no damage.
The centaur hits you.
* * * LOW HITPOINT WARNING * * *
The centaur kicks you but does no damage.
* * * LOW HITPOINT WARNING * * *
You feel very sick. The hornet stings you.
You die...

#........# #.......#
....#........#####.......#
....#..............####+#..
....#..............#.......
....#..............'.......
....#..............#.......
..@.#..............#.......
....#..........c...#.......
....'........@.y@<.#.......
....#..........Y...#+####.#
#####.......######## #
............# ............#
............+ ............#
............# ............#


You could see Maggie, a hornet, an ice beast and a centaur.

Vanquished Creatures
  Sigmund (D:2)
  A water moccasin (D:5)
  2 black bears
  5 ice beasts
  An ogre (D:5)
  2 centaurs
  A phantom (D:5)
  3 bullfrogs
  A scorpion (D:5)
  A gnoll sergeant (D:5)
  4 hounds
  4 sleepcaps
  2 iguanas
  2 orc wizards (D:4)
  Natasha (thrice) (D:2)
  12 gnolls
  9 adders
  A river rat (D:6)
  2 shadow imps
  2 ufetubi (D:5)
  7 worms
  6 dart slugs
  11 orcs
  16 ball pythons
  12 endoplasms
  18 giant cockroaches
  5 goblins
  6 hobgoblins
  6 jackals
  16 quokkas
  5 bats
  8 frilled lizards
  3 kobolds
  9 rats
187 creatures vanquished.

Notes
Turn   | Place    | Note
-------+----------+-------------------------------------------
     0 | D:1      | Kranky the Demonspawn Gladiator began the quest for the
                  | Orb.
     0 | D:1      | Reached XP level 1. HP: 16/16 MP: 1/1
   159 | D:1      | Gained mutation: Your touch may inflict minor irresistible
                  | damage on your foes. [demonic ancestry]
   159 | D:1      | Reached XP level 2. HP: 16/22 MP: 2/2
   306 | D:1      | Reached skill level 1 in Armour
   382 | D:1      | Gained mutation: You may rarely emit foul miasma when
                  | damaged in melee. [demonic ancestry]
   382 | D:1      | Reached XP level 3. HP: 28/28 MP: 3/3
   593 | D:1      | Found a faded altar of an unknown god.
  1045 | D:2      | Identified the +6 chain mail of the Known World {rF+ rN+
                  | MP+9 Str-3}
  1227 | D:2      | Found a shimmering altar of Xom.
  1228 | D:2      | Noticed Sigmund
  1241 | D:2      | Killed Sigmund
  1242 | D:2      | Reached XP level 4. HP: 24/35 MP: 4/4
  1242 | D:2      | Reached XP level 5. HP: 28/41 MP: 5/5
  1425 | D:2      | Noticed Natasha
  1431 | D:2      | Killed Natasha
  1638 | D:2      | Noticed Natasha
  1652 | D:2      | Killed Natasha
  1653 | D:2      | Reached XP level 6. HP: 36/47 MP: 6/6
  1932 | D:2      | Noticed Natasha
  1937 | D:2      | Killed Natasha
  2988 | D:4      | Found Myhutin's Armour Shoppe.
  2998 | D:4      | Gained mutation: Your touch may inflict irresistible damage
                  | on your foes. [demonic ancestry]
  2998 | D:4      | Reached XP level 7. HP: 29/54 MP: 7/7
  3721 | D:5      | Entered Level 5 of the Dungeon
  3922 | D:5      | Reached skill level 5 in Fighting
  3922 | D:5      | Reached skill level 5 in Polearms
  3925 | D:5      | Reached XP level 8. HP: 44/62 MP: 8/8
  3987 | D:5      | Reached skill level 5 in Dodging
  4442 | D:5      | HP: 2/64 [gnoll sergeant/+2 spear of distortion (8)]
  4833 | D:6      | Reached skill level 5 in Armour
  4833 | D:6      | Reached skill level 1 in Shields
  4891 | D:6      | Found a glowing drain.
  4932 | Sewer    | Entered a sewer
  5265 | Sewer    | Gained mutation: A meltable shield of frost defends you.
                  | (SH +4) [demonic ancestry]
  5265 | Sewer    | Reached XP level 9. HP: 69/69 MP: 9/9
  5468 | D:6      | Found a basalt altar of Yredelemnul.
  5469 | D:6      | Found an ornate altar of the Wu Jian Council.
  5572 | D:6      | Found a blossoming altar of Fedhas.
  5869 | D:7      | Noticed Maggie
  5883 | D:7      | Paralysed by a hornet for 3 turns
  5885 | D:7      | HP: 2/70 [poisoned by a hornet]
  5885 | D:7      | Slain by a hornet

Illustrated notes

Levels and vault maps discovered:
D:1:      dpeg_arrival_brainrot, layout_loops_ring,
          hellmonk_ecumenical_altar_leap_of_faith, minmay_vboxes
D:2:      layout_basic, basic_altar, uniq_sigmund, uniq_natasha
D:3:      layout_basic
D:4:      layout_gridville, serial_shops, shop, kennysheep_opposing_triangles
D:5:      layout_basic, grunt_ministairs_1, hangedman_decor_peaks_small
D:6:      layout_basic, nicolae_overflow_hidden_temple, fedhas_altar_1,
          portal_sewer_entry_e
D:7:      layout_gridville, temple_doors_cd, guppyfry_early_elven_hall,
          uniq_maggie

Skill      XL: |  1  2  3  4  5  6  7  8  9 |
---------------+----------------------------+-----
Dodging        | 3 4 5 6 |  6.1
Polearms       | 3 4 5 6 |  6.1
Armour         | 1 2 3 5 |  5.3
Fighting       | 3 4 5 6 |  6.3
Shields        | 1 2 |  2.1
Throwing       | |  1.7

Action                     |  1- 3 |  4- 6 |  7- 9 || total
---------------------------+-------+-------+-------++-------
  Melee: Trident           |    86 |       |   259 ||   345
         Touch             |    11 |       |       ||    11
         Halberd           |       |   115 |   314 ||   429
    Use: Scroll            |       |       |    18 ||    18
         Potion            |       |       |     1 ||     1
   Stab: Sleeping          |     1 |       |       ||     1
 Armour: Leather armour    |    16 |       |       ||    16
         Chain mail        |     2 |    86 |   498 ||   586
  Dodge: Dodged            |    39 |    65 |   309 ||   413
  Block: Buckler           |       |       |    76 ||    76
